 Dungeon Crawl Stone Soup version 0.30-a0-637-gacddeb6d44 (webtiles) character file.

Game seed: 9511341811676565347

816 Leeroy the Carver (level 7, -2/40 HPs)
             Began as a Tengu Warper on Jan 15, 2023.
             Was an Elder of Uskayaw.
             Slain by a gnoll
             ... wielding a +0 flail
             ... led by a gnoll sergeant
              (8 damage)
             ... on level 6 of the Dungeon.
             The game lasted 00:06:26 (5197 turns).

Leeroy the Carver (Tengu Warper)                    Turns: 5197, Time: 00:06:27

Health: -2/40      AC:  5    Str:  8 (11) XL:     7   Next: 94%
Magic:  11/11      EV: 14    Int: 14      God:    Uskayaw [****..]
Gold:   205        SH:  0    Dex: 15      Spells: 2/10 levels left

rFire   + . .      SeeInvis .    J - +2 short sword (elec)
rCold   x . .      Faith    .    (no shield)
rNeg    . . .      Spirit   .    k - +0 ring mail
rPois   .          Reflect  .    (helmet restricted)
rElec   .          Harm     .    l - scarf {+Inv}
rCorr   .          Rampage  .    (no gloves)
Will    .....                    (boots unavailable)
Stlth   +                        (no amulet)
HPRegen 0.26/turn                I - ring of wizardry
MPRegen 0.12/turn                o - ring of fire

@: flying quickly and evasively, quick
A: beak, talons 3, nimble flight
a: Renounce Religion, Evoke Invisibility, Stomp, Line Pass


You were on level 6 of the Dungeon.
You worshipped Uskayaw.
Uskayaw was noncommittal.
You visited 2 branches of the dungeon, and saw 7 of its levels.

You collected 205 gold pieces.

Inventory:

Hand Weapons
 a - a +0 falchion
 m - a +0 rapier
 J - a +2 short sword of electrocution (weapon)
Missiles
 d - 7 boomerangs of dispersal (quivered)
 e - 6 boomerangs
 u - 2 atropa-tipped darts
 w - 8 poisoned darts
Armour
 b - a +0 leather armour
 k - a +0 ring mail (worn)
 l - a scarf of invisibility (worn)
 G - a scarf of harm
Jewellery
 o - a ring of fire (right hand)
 I - a ring of wizardry (left hand)
Wands
 r - a wand of flame (21)
 D - a wand of mindburst (7)
Scrolls
 c - 2 scrolls of blinking
 f - 2 scrolls of enchant weapon {unknown}
 h - a scroll of noise {unknown}
 j - 2 scrolls of magic mapping {unknown}
 n - 6 scrolls of identify {unknown}
 p - 3 scrolls of teleportation {unknown}
 q - a scroll of amnesia {unknown}
 t - a scroll of torment {unknown}
 y - a scroll of fear {unknown}
 C - a scroll of immolation {unknown}
 F - a scroll of fog {unknown}
Potions
 g - a potion of attraction
 i - 2 potions of heal wounds
 s - a potion of cancellation {unknown}
 v - 2 potions of degeneration
 x - a potion of ambrosia {unknown}
 z - a potion of resistance {unknown}
 A - 2 potions of berserk rage {unknown}
 B - 2 potions of lignification {unknown}
 E - 2 potions of curing
 H - a potion of haste
 K - a potion of mutation {unknown}
 L - a potion of brilliance {unknown}


   Skills:
 - Level 2.0 Fighting
 - Level 8.1 Long Blades
 - Level 1.0 Throwing
 - Level 1.1 Armour
 + Level 5.6 Dodging
 - Level 2.0 Spellcasting
 - Level 2.4 Translocations
 - Level 0.1 Evocations


You had 2 spell levels left.
You knew the following spells:

 Your Spells              Type           Power      Damage    Failure   Level
a - Blink                 Tloc           16%        N/A       16%         2
b - Teleport Other        Tloc           8%         N/A       32%         3
c - Vhi's Electric Charg  Tloc/Air       8%         N/A       45%         3

Your spell library contained the following spells:

 Spells                   Type           Power      Damage    Failure   Level
 Magic Dart               Conj           4%         1d3       26%         1
 Call Imp                 Summ           1%         N/A       38%         2
 Cigotuvi's Dreadful Rot  Necr/Pois/Air  2%         N/A       38%         2
 Ensorcelled Hibernation  Hex/Ice        2%         N/A       38%         2
 Poisonous Vapours        Pois/Air       2%         N/A       38%         2
 Lesser Beckoning         Tloc           16%        N/A       32%         3
 Mephitic Cloud           Conj/Pois/Air  1%         N/A       61%         3
 Spider Form              Tmut/Pois      1%         N/A       61%         3
 Manifold Assault         Tloc           8%         N/A       69%         4
 Anguish                  Hex/Necr       0%         N/A       93%         4


Dungeon Overview and Level Annotations

Branches:
Dungeon (6/15)             Temple (1/1) D:4

Altars:
Cheibriados
Fedhas
Hepliaklqana
Sif Muna
Uskayaw
Vehumet
Wu Jian
Xom
Zin
The Shining One
Lugonu


Innate Abilities, Weirdness & Mutations

You have a beak for a mouth.
You have claws for feet.
Your magical nature lets you fly swiftly and evasively.


Message History

The gnoll hits you with a +0 flail! The gnoll sergeant closely misses you.
The gnoll misses you.
You barely miss the gnoll sergeant.
You claw the gnoll sergeant, but do no damage.
Your peck misses the gnoll sergeant.
The gnoll sergeant is lightly wounded.
The gnoll misses you. The gnoll sergeant barely misses you.
The gnoll hits you with a +0 flail.
You hit the gnoll sergeant.
You peck the gnoll sergeant, but do no damage.
The gnoll sergeant is moderately wounded.
The gnoll barely misses you. The gnoll misses you.
The gnoll sergeant hits you but does no damage.
Uskayaw will force your foes to helplessly watch your dance.
Uskayaw prepares the audience for your solo!
The helpless gnoll sergeant fails to defend itself.
You puncture the gnoll sergeant! You peck the gnoll sergeant.
The gnoll sergeant is severely wounded.
The helpless gnoll sergeant fails to defend itself.
You puncture the gnoll sergeant!
Lightning courses through the gnoll sergeant!!
You kill the gnoll sergeant!
The gnoll is no longer paralysed. x2; The gnoll barely misses you.
The gnoll misses you.
Uskayaw will force your foes to share their pain.
Uskayaw links your audience in an emotional bond!
You barely miss the gnoll. Your kick misses the gnoll.
The gnoll hits you with a +0 flail! The gnoll misses you.
You hit the gnoll but do no damage. You claw the gnoll.
You peck the gnoll, but do no damage.
The gnoll is moderately wounded.
The gnoll is no longer sharing its pain.
The gnoll hits you but does no damage. The gnoll hits you with a +0 flail!
* * * LOW HITPOINT WARNING * * *
You hit the gnoll. You claw the gnoll. Your peck misses the gnoll.
The gnoll is severely wounded.
You barely miss the gnoll. You claw the gnoll.
You kill the gnoll!
The gnoll hits you with a +0 flail!
You die...

..## .#### ##.
..####....#
.##..##..##......
................ .
#............# ..
...#...#.....# .##.
#...#.<†..###... #
##.#....).#...##.#
##...##@........
##...#)g....##
#.........##
#...##....# ##..###...#
#....##...#
##.......#.#
#.....#....## ####
##...###....######..###


You could see a gnoll.

Vanquished Creatures
  3 water moccasins
  A necrophage (D:4)
  A gnoll sergeant (D:6)
  A hound (D:5)
  An orc priest (D:3)
  Terence (D:3)
  An iguana (D:6)
  2 orc wizards (D:3)
  Ijyb (D:5)
  3 gnolls
  6 adders
  3 worms
  4 orcs
  8 ball pythons
  9 bats
  12 endoplasms
  3 giant cockroaches
  6 goblins
  13 hobgoblins
  9 jackals
  10 kobolds
  6 quokkas
  4 frilled lizards
  2 rats
110 creatures vanquished.

Notes
Turn   | Place    | Note
-------+----------+-------------------------------------------
     0 | D:1      | Leeroy the Tengu Warper began the quest for the Orb.
     0 | D:1      | Reached XP level 1. HP: 12/12 MP: 4/4
   144 | D:1      | Reached skill level 3 in Long Blades
   144 | D:1      | Reached XP level 2. HP: 14/17 MP: 6/6
   409 | D:1      | Reached XP level 3. HP: 11/21 MP: 7/7
   478 | D:1      | Reached skill level 4 in Long Blades
   968 | D:2      | Reached XP level 4. HP: 19/26 MP: 8/8
  1378 | D:2      | Found a faded altar of an unknown god.
  1859 | D:3      | Reached skill level 5 in Long Blades
  2319 | D:3      | Gained mutation: Your magical nature lets you fly swiftly
                  | and evasively. [Tengu growth]
  2319 | D:3      | Reached XP level 5. HP: 3/30 MP: 9/9
  2329 | D:3      | Reached skill level 6 in Long Blades
  2642 | D:3      | Noticed Terence
  2654 | D:3      | Killed Terence
  2655 | D:3      | Reached XP level 6. HP: 19/35 MP: 10/10
  3066 | D:4      | Noticed a water moccasin
  3071 | D:4      | Killed a water moccasin
  3072 | D:4      | Reached skill level 7 in Long Blades
  3306 | D:4      | Reached skill level 8 in Long Blades
  3306 | D:4      | Reached XP level 7. HP: 31/40 MP: 11/11
  3590 | D:4      | Found a radiant altar of Vehumet.
  3685 | D:4      | Found a staircase to the Ecumenical Temple.
  3709 | Temple   | Entered the Ecumenical Temple
  3820 | Temple   | Became a worshipper of Uskayaw the Reveller
  3924 | D:4      | Learned a level 2 spell: Blink
  3928 | D:4      | Learned a level 3 spell: Teleport Other
  3932 | D:4      | Learned a level 3 spell: Vhi's Electric Charge
  3935 | D:5      | Entered Level 5 of the Dungeon
  3991 | D:5      | Reached * piety under Uskayaw
  3997 | D:5      | Reached ** piety under Uskayaw
  4230 | D:5      | Noticed Ijyb
  4240 | D:5      | Killed Ijyb
  4247 | D:5      | Reached *** piety under Uskayaw
  4251 | D:5      | Reached **** piety under Uskayaw
  5182 | D:6      | Reached skill level 5 in Dodging
  5197 | D:6      | Slain by a gnoll

Illustrated notes

Levels and vault maps discovered:
D:1:      minmay_arrival_widening_spiral_wide, layout_loops_ring
D:2:      layout_basic, ebering_ecumenical_altar_mist, serial_co_window_serial,
          co_window_paths_b, co_window_paths_b, co_window_paths_b,
          co_window_of_opportunity_a, co_window_paths_a, co_window_corner_b,
          co_window_broadway_b, co_window_corner_ca, co_window_paths_d,
          co_window_4corner_a, glass_columns_b, glass_columns_a,
          glass_columns_c, glass_columns_c, glass_columns_c
D:3:      minmay_razor_zed, layout_basic, uniq_terence
D:4:      layout_basic, vehumet_altar_wand_db, minmay_temple_entry_waves
D:5:      layout_basic, chequers_serial_rivers_micro_d,
          kennysheep_cross_bottleneck, lemuel_flamethrower_2, uniq_ijyb
D:6:      layout_cave_pools, palyth_stone_intersect,
          minmay_hollow_rounded_squares
Temple:   kb_corrupted_temple

Skill      XL: |  1  2  3  4  5  6  7 |
---------------+----------------------+-----
Long Blades    | 3 4 5 6 8 |  8.1
Dodging        | 5 |  5.6
Fighting       | |  2.0
Throwing       | |  1.0
Armour         | |  1.1
Spellcasting   | |  2.0
Translocations | |  2.4
Evocations     | |  0.1

Action                   |  1- 3 |  4- 6 |  7- 9 || total
-------------------------+-------+-------+-------++-------
Melee: Falchion          |    86 |   149 |    24 ||   259
       Kick              |    21 |    33 |    20 ||    74
       Peck              |    10 |    19 |    17 ||    46
       Punch             |     1 |       |     2 ||     3
       Short sword       |       |       |    50 ||    50
Evoke: Wand              |       |     1 |     1 ||     2
  Use: Potion            |       |     1 |     4 ||     5
       Scroll            |       |       |     1 ||     1
 Stab: Paralysed         |       |       |     3 ||     3
Armor: Leather armour    |    13 |       |       ||    13
       Ring mail         |     9 |    58 |    22 ||    89
Dodge: Dodged            |    44 |    85 |    40 ||   169

Table legend: (Time is in decaauts)
 A = Elapsed time spent in this place.
 B = Non-inter-level travel time spent in this place.
 C = Inter-level travel time spent in this place.
 D = Time resting spent in this place.
 E = Time spent auto-exploring this place.
 F = Levels seen in this place.
 G = Mean time per level.
                   A        B        C        D        E       F      G
               +--------+--------+--------+--------+--------+-----+--------+
         Total |   5002 |   4895 |    107 |    200 |   3866 |   7 |  714.6 |
       Dungeon |   4886 |   4809 |     77 |    200 |   3795 |   6 |  814.3 |
        Temple |    116 |     86 |     30 |      0 |     71 |   1 |  116.0 |
               +--------+--------+--------+--------+--------+-----+--------+

Top non-repeatable levels by time:
     D:3: 1220 daAuts
     D:5: 1041 daAuts
     D:2: 1004 daAuts
     D:1: 860 daAuts
     D:4: 641 daAuts
     D:6: 117 daAuts
  Temple: 116 daAuts
